 Dungeon Crawl Stone Soup version 0.29-a0-19-gef7f3e67aa (webtiles) character file.

Game seed: 12863358804829531208

1101 Grim the Cleaver (level 8, 0/58 HPs)
             Began as a Formicid Fighter on Jan 28, 2022.
             Was an Initiate of the Shining One.
             Slain by a water moccasin (7 damage)
             ... on level 5 of the Dungeon on Jan 29, 2022.
             The game lasted 00:06:14 (5789 turns).

Grim the Cleaver (Formicid Fighter)                 Turns: 5789, Time: 00:06:15

Health: 0/58       AC:  6    Str: 22    XL:     8   Next: 58%
Magic:  8/8        EV:  9    Int:  9    God:    the Shining One [......]
Gold:   253        SH:  4    Dex: 10    Spells: 7/7 levels left

rFire   . . .      SeeInvis +   a - +0 war axe
rCold   . . .      Faith    .   c - +0 buckler
rNeg    . . .      Spirit   .   b - +0 scale mail
rPois   .          Reflect  .   (helmet unavailable)
rElec   .          Harm     .   (no cloak)
rCorr   .          Rampage  .   (no gloves)
Will    .....                   (no boots)
Stlth   ..........              (no amulet)
HPRegen 0.19/turn               (no ring)
MPRegen 0.11/turn               (no ring)

@: mighty, glowing
A: permanent stasis, dig shafts and tunnels, antennae 3, four strong arms
a: Dig, Shaft Self, Renounce Religion


You were on level 5 of the Dungeon.
You worshipped the Shining One.
The Shining One was noncommittal.
You visited 2 branches of the dungeon, and saw 6 of its levels.

You collected 253 gold pieces.

Inventory:

Hand Weapons
 a - a +0 war axe (weapon)
Missiles
 i - 86 stones
 m - 6 poisoned darts (quivered)
 s - 3 boomerangs of dispersal
Armour
 b - a +0 scale mail (worn)
 c - a +0 buckler (worn)
 u - +0 fire dragon scales
Jewellery
 o - a ring of flight
Scrolls
 e - 2 scrolls of immolation {unknown}
 g - a scroll of fear {unknown}
 h - 5 scrolls of identify {unknown}
 j - 3 scrolls of teleportation {unknown}
 l - a scroll of noise {unknown}
 p - a scroll of silence {unknown}
 v - 2 scrolls of magic mapping {unknown}
 w - a scroll of enchant armour {unknown}
Potions
 d - 2 potions of might
 f - 2 potions of curing {unknown}
 k - 2 potions of cancellation {unknown}
 n - a potion of resistance {unknown}
 q - a potion of attraction {unknown}
 r - a potion of heal wounds {unknown}
 t - a potion of flight {unknown}


   Skills:
 - Level 3.2 Fighting
 + Level 9.8 Axes
 - Level 3.2 Armour
 - Level 3.6 Shields


You had 7 spell levels left.
You didn't know any spells.
Your spell library contained the following spells:

 Spells                   Type           Power      Damage    Failure   Level
 Beastly Appendage        Tmut           0%         N/A       78%         1
 Wereblood                Tmut           0%         N/A       89%         2
 Spider Form              Tmut/Pois      0%         N/A       98%         3
 Stone Arrow              Conj/Erth      0%         3d7       98%         3
 Airstrike                Air            0%         N/A       100%        4
 Animate Armour           Summ/Erth      0%         N/A       100%        4
 Summon Lightning Spire   Summ/Air       0%         N/A       100%        4
 Lightning Bolt           Conj/Air       0%         1d11      100%        5
 Malign Gateway           Summ/Tloc      0%         N/A       100%        7
 Lehudib's Crystal Spear  Conj/Erth      0%         10d2      100%        8
 Summon Horrible Things   Summ           0%         N/A       100%        8


Dungeon Overview and Level Annotations

Branches:
Dungeon (5/15)             Temple (1/1) D:5

Altars:
Ashenzari
Cheibriados
Dithmenos
Elyvilon
Fedhas
Gozag
Hepliaklqana
Kikubaaqudgha
Makhleb
Nemelex Xobeh
Okawaru
Qazlal
Ru
Sif Muna
Uskayaw
Vehumet
Wu Jian
Xom
Yredelemnul
Zin
The Shining One


Innate Abilities, Weirdness & Mutations

You cannot be hasted, slowed, berserked, paralysed or teleported.
You can dig through walls and to a lower floor.
You have a pair of large antennae on your head. (SInv)
Your four strong arms can wield two-handed weapons with a shield.


Message History

The vampire mosquito misses you. The vampire mosquito barely misses you.
You slice the vampire mosquito!!
You destroy the vampire mosquito!
The Shining One accepts your kill.
You hit the vampire mosquito but do no damage.
You block the vampire mosquito's attack.
The vampire mosquito bites you but does no damage.
Unknown command.
You slash the vampire mosquito!
The vampire mosquito is moderately damaged.
The vampire mosquito barely misses you.
The vampire mosquito closely misses you.
You closely miss the vampire mosquito.
The vampire mosquito is moderately damaged.
The vampire mosquito bites you.
* * * LOW HITPOINT WARNING * * *
The vampire mosquito draws strength from your injuries!
The vampire mosquito bites you but does no damage.
You slash the vampire mosquito!
The vampire mosquito is almost destroyed.
You block the vampire mosquito's attack. x2
You barely miss the vampire mosquito.
The vampire mosquito is almost destroyed.
The vampire mosquito bites you.
* * * LOW HITPOINT WARNING * * *
The vampire mosquito draws strength from your injuries!
The vampire mosquito bites you.
* * * LOW HITPOINT WARNING * * *
The vampire mosquito draws strength from your injuries!
You slice the vampire mosquito!!
You destroy the vampire mosquito!
The Shining One accepts your kill.
Unknown command.
You are too injured to fight recklessly!
Okay, then.
You barely miss the water moccasin. The water moccasin barely misses you.
The water moccasin bites you.
* * * LOW HITPOINT WARNING * * *
You barely miss the water moccasin. The water moccasin bites you!
You die...

## ####. ####....
######## #.......
#......# #.......
#......# #.......
##......# #.......
#......@# #.....†.
#.....S### #.......
#........## ##.......
#.........## ##........
#.....##...## #........#
##....###...###...######
#...## ##........# #...#
##.......# #...#
##......#


You could see a water moccasin.

Vanquished Creatures
  Sigmund (D:3)
  Menkaure (D:5)
  2 vampire mosquitoes (D:5)
  A black bear (D:4)
  A phantom (D:4)
  A scorpion (D:4)
  A bullfrog zombie (D:5)
  A centaur zombie (D:4)
  An orc wizard (D:4)
  An iguana (D:5)
  A hound skeleton (D:5)
  9 adders
  2 ufetubi
  An adder skeleton (D:4)
  3 worms
  4 dart slugs
  13 orcs
  7 endoplasms
  12 giant cockroaches
  8 goblins
  5 hobgoblins
  4 jackals (D:3)
  A quokka (D:2)
  6 ball pythons
  11 bats
  5 frilled lizards (D:1)
  7 kobolds
  A quokka skeleton (D:4)
  3 rats
114 creatures vanquished.

Notes
Turn   | Place    | Note
-------+----------+-------------------------------------------
     0 | D:1      | Grim the Formicid Fighter began the quest for the Orb.
     0 | D:1      | Reached XP level 1. HP: 18/18 MP: 1/1
   168 | D:1      | Reached XP level 2. HP: 22/24 MP: 2/2
   223 | D:1      | Reached skill level 3 in Axes
   472 | D:1      | Reached XP level 3. HP: 28/29 MP: 3/3
  1297 | D:2      | Reached skill level 4 in Axes
  1297 | D:2      | Reached XP level 4. HP: 32/35 MP: 4/4
  2168 | D:2      | Reached XP level 5. HP: 31/41 MP: 5/5
  2511 | D:3      | Reached skill level 5 in Axes
  3125 | D:3      | Noticed Sigmund
  3134 | D:3      | Killed Sigmund
  3135 | D:3      | Reached skill level 6 in Axes
  3135 | D:3      | Reached XP level 6. HP: 28/47 MP: 6/6
  3507 | D:3      | Found a faded altar of an unknown god.
  4183 | D:4      | Noticed a black bear
  4193 | D:4      | Killed a black bear
  4194 | D:4      | Reached skill level 7 in Axes
  4194 | D:4      | Reached XP level 7. HP: 44/52 MP: 7/7
  4335 | D:4      | Reached skill level 8 in Axes
  4837 | D:5      | Entered Level 5 of the Dungeon
  4940 | D:5      | Noticed Menkaure
  4952 | D:5      | Killed Menkaure
  4953 | D:5      | Reached XP level 8. HP: 38/58 MP: 8/8
  5066 | D:5      | Found a staircase to the Ecumenical Temple.
  5100 | Temple   | Entered the Ecumenical Temple
  5353 | Temple   | Became a worshipper of the Shining One
  5714 | D:5      | Reached skill level 9 in Axes
  5789 | D:5      | Slain by a water moccasin

Illustrated notes

Levels and vault maps discovered:
D:1:      dpeg_arrival_shelter, layout_basic, serial_forest,
          infiniplex_forest_clump_curved, infiniplex_forest_clump_small,
          infiniplex_forest_lined_corner, infiniplex_forest_clump_curved,
          infiniplex_forest_end_1, infiniplex_forest_corner_2,
          infiniplex_forest_clump_medium, minmay_worlds_worst_comb
D:2:      minmay_angry_zag, layout_basic, chequers_serial_rivers_small_b,
          minmay_tetromino_t4
D:3:      layout_basic, shapermc_ecumenical_altar_mp_ritualfount,
          grunt_ministairs_11, kennysheep_cross_bottleneck, uniq_sigmund
D:4:      layout_basic, minivault_25, minmay_small_thing
D:5:      layout_cave_pods, temple_pool_b, guppyfry_early_orc_mine,
          uniq_menkaure
Temple:   mainiacjoe_temple_hex_bubbles

Skill      XL: |  1  2  3  4  5  6  7  8 |
---------------+-------------------------+-----
Axes           | 3 4 6 7 8 9 |  9.8
Fighting       | |  3.2
Armour         | |  3.2
Shields        | |  3.6

Action                   |  1- 3 |  4- 6 |  7- 9 || total
-------------------------+-------+-------+-------++-------
Melee: War axe           |    96 |   188 |    96 ||   380
  Use: Potion            |       |     1 |     1 ||     2
Armor: Scale mail        |    52 |    64 |    43 ||   159
Dodge: Dodged            |    43 |    86 |    52 ||   181
Block: Buckler           |    23 |    52 |    25 ||   100

Table legend: (Time is in decaauts)
 A = Elapsed time spent in this place.
 B = Non-inter-level travel time spent in this place.
 C = Inter-level travel time spent in this place.
 D = Time resting spent in this place.
 E = Time spent auto-exploring this place.
 F = Levels seen in this place.
 G = Mean time per level.
                   A        B        C        D        E       F      G
               +--------+--------+--------+--------+--------+-----+--------+
         Total |   5893 |   5785 |    108 |   1299 |   3550 |   6 |  982.2 |
       Dungeon |   5608 |   5531 |     77 |   1299 |   3340 |   5 | 1121.6 |
        Temple |    284 |    253 |     31 |      0 |    210 |   1 |  284.0 |
               +--------+--------+--------+--------+--------+-----+--------+

Top non-repeatable levels by time:
     D:1: 1278 daAuts
     D:4: 1250 daAuts
     D:2: 1203 daAuts
     D:3: 1199 daAuts
     D:5: 675 daAuts
  Temple: 284 daAuts
